 Dungeon Crawl Stone Soup version 0.20.1-1-g8b1a95d (webtiles) character file.

233 Jazqa the Skirmisher (level 6, -4/34 HPs)
             Began as a Vine Stalker Fighter on Oct 30, 2017.
             Killed from afar by Zgarb's ghost (17 damage)
             ... with a stone arrow
             ... on level 4 of the Dungeon.
             The game lasted 00:04:08 (2440 turns).

Jazqa the Skirmisher (Vine Stalker Fighter)         Turns: 2440, Time: 00:04:09

Health: -4/34      AC:  8    Str: 24    XL:     6   Next: 5%
Magic:  0/7        EV:  7    Int:  8    God:
Gold:   285        SH:  9    Dex: 13    Spells: 5/5 levels left

rFire    . . .     SeeInvis .   a - +0 flail
rCold    . . .     Gourm    .   c - +0 shield
rNeg     . . .     Faith    .   b - +0 scale mail
rPois    .         Spirit   +   (no helmet)
rElec    .         Reflect  .   w - +0 cloak
rCorr    .         Harm     .   m - +0 pair of gloves (curse)
MR       .....                  (no boots)
Stlth    ..........             (no amulet)
Regen    0.6/turn               S - +3 ring of strength
MPRegen  0.1/turn               (no ring)

@: no status effects
A: fangs 2, regeneration 1, magic shield, antimagic bite, no potion heal 3, rot
immunity
a: no special abilities


You were on level 4 of the Dungeon.
You were not hungry.

You visited 1 branch of the dungeon, and saw 4 of its levels.

You collected 285 gold pieces.


Innate Abilities, Weirdness & Mutations

You have extremely sharp teeth.
Your natural rate of healing is unusually fast.
When hurt, damage is shared between your health and your magic reserves.
Your bite disrupts and absorbs the magic of your enemies.
Potions cannot restore your health.
You are immune to rotting.


   Skills:
 + Level 4.4 Fighting
 + Level 4.2 Maces & Flails
 - Level 2.4 Armour
 - Level 2.6 Shields


You had 5 spell levels left.
You didn't know any spells.

Inventory:

Hand Weapons
 a - a +0 flail (weapon)
Armour
 b - a +0 scale mail (worn)
 c - a +0 shield (worn)
 m - a cursed +0 pair of gloves (worn)
 w - a +0 cloak (worn)
Jewellery
 S - a +3 ring of strength (left hand)
Scrolls
 d - a scroll of magic mapping {unknown}
 e - 3 scrolls of fog {unknown}
 h - a scroll of enchant armour {unknown}
 i - a scroll of amnesia {unknown}
 k - 2 scrolls of remove curse {unknown}
 l - 4 scrolls of identify {unknown}
 r - 3 scrolls of recharging {unknown}
Potions
 g - 4 potions of haste {unknown}
 j - 2 potions of curing {unknown}
 o - a potion of lignification {unknown}
 p - a potion of magic {unknown}
 q - a potion of degeneration {unknown}
 t - a potion of flight {unknown}
 u - a potion of heal wounds {unknown}
 v - a potion of cancellation {unknown}
Comestibles
 f - 6 bread rations {@e1}
 n - a royal jelly {@e3}
 s - 3 meat rations {@e1}
 x - 2 fruits {@e2}

Dungeon Overview and Level Annotations

Branches:
Dungeon (4/15)
 Temple: D:4-7

Altars:
Dithmenos
Kikubaaqudgha
Sif Muna
Trog

Annotations:
D:4 Zgarb's ghost, novice GrEE

#.............# #####...#..##
##.#........######...........##
#..#.....###.................##
##....................#.......##
#...##......W..........#.........
..## #####.............#.........
## ###...........#........#
##..........#.......##
###.@......#.......#.
###......##........
##.....###.......
##.....###...... ##............#
##.#######.... #..# ###.. ##.##
##. #..# ##


You could see Zgarb's ghost.


Message History

Found 12 gold pieces.
You now have 285 gold pieces (gained 12).
Found a meat ration.
s - 3 meat rations {@e1} (gained 1)
Found 2 fruits.
x - 2 fruits {@e2}
Found a meat ration.
A giant cockroach comes into view.
Found 13 poisoned needles.
A giant cockroach is nearby!
A giant cockroach is nearby!
Zgarb's ghost (novice Gargoyle Earth Elementalist) comes into view.
It is wielding a vorpal weapon.
Found a meat ration.
Your shield prevents you from hitting the giant cockroach.
You bite the giant cockroach. You drain its power.
You kill the giant cockroach!
Unknown command.
Press: ? - help, v - describe, . - travel
Here: Zgarb's ghost, wielding a vorpal weapon The floor.
Zgarb's ghost gestures at you while chanting.
The stone arrow hits you!
Ouch! That really hurt!
* * * LOW HITPOINT WARNING * * *
Unknown command.
Zgarb's ghost says, "You will join me soon!"
Zgarb's ghost gestures at you while chanting.
The stone arrow hits you!
Ouch! That really hurt!
You die...

Skill      XL: |  1  2  3  4  5 |
---------------+----------------+-----
Maces & Flails | 2 3 4 |  4.2
Fighting       | 3 4 |  4.4
Armour         | |  2.4
Shields        | |  2.6

Action                   |  1- 3 |  4- 6 || total
-------------------------+-------+-------++-------
Melee: Flail             |    88 |   149 ||   237
       Bite              |    26 |    35 ||    61
  Use: Potion            |     1 |       ||     1
  Eat: Chunk             |       |     5 ||     5
Armor: Scale mail        |    42 |    58 ||   100
Dodge: Dodged            |    27 |    47 ||    74
Block: Shield            |    57 |    65 ||   122

Vault maps used:
D:1:      lightli_arrival_farm
D:2:      first_bread
D:3:      lemuel_zombie_altar_kikubaaqudgha, tgw_trog, lemuel_blue_sif_altar
D:4:      serial_shops, kennysheep_mini, nicolae_dithmenos_the_darkroom

Notes
Turn   | Place    | Note
-------+----------+-------------------------------------------
     0 | D:1      | Jazqa the Vine Stalker Fighter began the quest for the Orb.
     0 | D:1      | Reached XP level 1. HP: 11/11 MP: 2/2
   101 | D:1      | Reached skill level 2 in Maces & Flails
   209 | D:1      | Reached skill level 3 in Fighting
   209 | D:1      | Reached XP level 2. HP: 15/16 MP: 3/3
   730 | D:2      | Reached XP level 3. HP: 20/20 MP: 4/4
   842 | D:2      | Gained mutation: Your natural rate of healing is unusually fast. [Vine Stalker growth]
   842 | D:2      | Reached XP level 4. HP: 10/25 MP: 3/5
   942 | D:2      | Reached skill level 3 in Maces & Flails
  1184 | D:3      | Reached skill level 4 in Fighting
  1216 | D:3      | Found a deep blue altar of Sif Muna.
  1301 | D:3      | Reached XP level 5. HP: 29/29 MP: 4/6
  1600 | D:3      | Found an ancient bone altar of Kikubaaqudgha.
  1725 | D:3      | Noticed a moth of wrath
  1728 | D:3      | Found a bloodstained altar of Trog.
  1910 | D:4      | Found a shadowy altar of Dithmenos.
  1924 | D:4      | Reached skill level 4 in Maces & Flails
  2065 | D:4      | Reached XP level 6. HP: 19/34 MP: 7/7
  2427 | D:4      | Noticed Zgarb's ghost (novice GrEE)
  2440 | D:4      | Killed from afar by Zgarb's ghost

Vanquished Creatures
  An orc priest (D:3)
  A worker ant (D:4)
  4 gnolls (D:2)
  6 adders
  A worm (D:3)
  3 dart slugs
  A leopard gecko (D:3)
  7 orcs
  4 bats
  2 bat zombies (D:3)
  4 giant cockroaches
  9 goblins
  5 hobgoblins
  3 jackals (D:3)
  2 quokkas
  A ball python (D:4)
  5 frilled lizards
  7 kobolds
  11 rats
  3 rat zombies (D:3)
80 creatures vanquished.
